 Dungeon Crawl Stone Soup version 0.19.0-19-g8c6edcc (webtiles) character file.

95 Delusion the Changer (level 4, 0/29 HPs)
             Began as an Octopode Transmuter on Nov 14, 2016.
             Slain by Sigmund
             ... wielding a +0 scythe of slicing
              (7 damage)
             ... on level 3 of the Dungeon.
             The game lasted 00:06:00 (1790 turns).

Delusion the Changer (Octopode Transmuter)          Turns: 1790, Time: 00:06:00

Health: 0/29       AC:  2    Str:  9    XL:     4   Next: 65%
Magic:  5/7        EV: 20    Int: 15    God:
Gold:   107        SH:  0    Dex: 18    Spells: 3 memorised, 1 level left

rFire  . . .     SeeInvis .       - Unarmed
rCold  . . .     Gourm    .     (shield currently unavailable)
rNeg   . . .     Faith    .     (helmet currently unavailable)
rPois  x         Spirit   .     i - amulet of regeneration
rElec  .         Reflect  .     (no ring)
rCorr  .         Harm     .     (no ring)
MR     .....                    (no ring)
Stlth  ++........               (no ring)
                                (no ring)
                                (no ring)
                                (no ring)
                                (no ring)

@: spider-form (expiring)
A: almost no armour, stealthy swim, (amphibious), 8 rings, (constrict 8),
(camouflage 0), (gelatinous body 0)
a: End Transformation


You were on level 3 of the Dungeon.
You were not hungry.
You were a venomous arachnid creature.
You visited 1 branch of the dungeon, and saw 3 of its levels.

You collected 107 gold pieces.

Inventory:

Hand Weapons
 h - a +1 short sword of flaming
Missiles
 a - 63 arrows
Armour
 j - a +1 shield
Jewellery
 i - an amulet of regeneration (around neck)
Scrolls
 e - a scroll of amnesia
 g - 2 scrolls of identify {unknown}
 o - a scroll of blinking {unknown}
 r - a scroll of teleportation
Potions
 f - 2 potions of might {unknown}
 m - a potion of flight {unknown}
 n - a potion of brilliance {unknown}
 p - a potion of lignification {unknown}
Books
 b - a book of Changes

   Spells                             Type                      Level
   a - Beastly Appendage              Transmutation                1
   b - Sticks to Snakes               Transmutation                2
   c - Spider Form                    Transmutation/Poison         3
   d - Ice Form                       Ice/Transmutation            4
   e - Blade Hands                    Transmutation                5
Comestibles
 c - 2 bread rations
 d - a royal jelly
 k - 2 beef jerkies
 l - a meat ration
 q - 3 chunks of flesh


   Skills:
 - Level 2.0 Fighting
   Level 0.2 Polearms
 - Level 2.0 Dodging
 + Level 3.3 Unarmed Combat
 - Level 2.0 Spellcasting
 - Level 4.0 Transmutations


You had one spell level left.
You knew the following spells:

 Your Spells              Type           Power        Failure   Level  Hunger
a - Beastly Appendage     Tmut           ##....       14%         1    #......
b - Sticks to Snakes      Tmut           ##......     21%         2    ###....
c - Spider Form           Tmut/Pois      #.........   52%         3    ###....


Dungeon Overview and Level Annotations

Branches:
Dungeon (3/15)

Altars:

Annotations:
D:3 Sigmund


Innate Abilities, Weirdness & Mutations

You cannot wear most types of armour.
You are very stealthy in the water. (Stealth+)
((You are amphibious.))
You can wear up to eight rings at the same time.
((You can use your tentacles to constrict eight enemies at once.))
((Your skin changes colour to match your surroundings (Stealth+).))
((Your rubbery body absorbs attacks. (AC +1, EV +1)))


Message History

Sigmund flickers and vanishes!
Deactivating autopickup; reactivate with Ctrl-A.
You barely miss something. Something hits you!
* * * LOW HITPOINT WARNING * * *
x2 You miss something.
You hear some strange, mumbled words.
You are confused.
Unknown command.
You're too confused to cast spells.
You bump into the rock wall.
You hear some strange, mumbled words.
Something tries to affect you, but you resist.
You bump into the rock wall.
Something closely misses you.
You bump into the rock wall.
Your transformation is almost over.
Something barely misses you.
You feel less confused. Something closely misses you.
You barely miss something. Something hits you!
You die...

#.##.#.........
#..............
####.#....#....
##.#)##.# ...
##....##.# .#
###.....##.###.#
...............
###....รท.#.######
##........%{s.#
####.##.#.##.#
#.##.##.### #.##.#
#.# ...#.# #@#
.#.... ... #. .###
.#. ## ## .


There were no monsters in sight!

Vanquished Creatures
  4 adders (D:2)
  A dart slug (D:1)
  5 leopard geckos (D:2)
  An orc (D:3)
  5 giant cockroaches
  6 goblins
  4 hobgoblins
  4 kobolds
  A ball python (D:2)
  6 bats
  3 frilled lizards
  7 rats
47 creatures vanquished.

Notes
Turn   | Place    | Note
-------+----------+-------------------------------------------
     0 | D:1      | Delusion the Octopode Transmuter began the quest for the Orb.
     0 | D:1      | Reached XP level 1. HP: 13/13 MP: 3/3
   270 | D:1      | Reached XP level 2. HP: 18/19 MP: 5/5
   932 | D:2      | Reached XP level 3. HP: 14/24 MP: 6/6
   937 | D:2      | Reached skill level 3 in Transmutations
   998 | D:2      | Learned a level 2 spell: Sticks to Snakes
  1002 | D:2      | Learned a level 3 spell: Spider Form
  1055 | D:2      | Reached XP level 4. HP: 16/29 MP: 7/7
  1304 | D:2      | Reached skill level 4 in Transmutations
  1769 | D:3      | Noticed Sigmund
  1790 | D:3      | Slain by Sigmund

Skill      XL: |  1  2  3  4 |
---------------+-------------+-----
Fighting       | 2 |  2.0
Transmutations | 3 4 |  4.0
Polearms       | |  0.2
Dodging        | |  2.0
Unarmed Combat | |  3.3
Spellcasting   | |  2.0

Action                   |  1- 3 |  4- 6 || total
-------------------------+-------+-------++-------
Melee: Unarmed           |    48 |    60 ||   108
       Constrict         |    15 |    11 ||    26
       Spear             |    12 |       ||    12
       Tentacles         |     4 |     4 ||     8
       Kick              |       |     7 ||     7
       Punch             |       |     1 ||     1
 Cast: Beastly Appendage |     1 |     4 ||     5
       Spider Form       |       |     1 ||     1
  Use: Scroll            |     6 |       ||     6
 Stab: Sleeping          |     1 |     2 ||     3
  Eat: Chunk             |       |     3 ||     3
Armor: Skin              |    12 |     4 ||    16
Dodge: Dodged            |    49 |    54 ||   103
